 Dungeon Crawl Stone Soup version 0.25.0-11-g1f837a76a1 (webtiles) character file.

Game seed: 16564867339721363409

3000088 p0werm0de the Champion of Chaos (level 23, 229/229 HPs)
             Began as a Deep Dwarf Fighter on June 26, 2020.
             Was the Champion of Makhleb.
             Escaped with the Orb
             ... and 3 runes!
             The game lasted 00:29:11 (24790 turns).

p0werm0de the Champion of Chaos (DDFi)             Turns: 24790, Time: 00:29:11

Health: 229/229    AC: 35    Str: 24    XL:     23   Next: 24%
Magic:  7/7        EV:  9    Int: 14    God:    Makhleb [******]
Gold:   4269       SH: 14    Dex:  7    Spells: 22/22 levels left

rFire    + + +     SeeInvis .   a - +8 broad axe (elec)
rCold    + + .     Gourm    .   O - +1 kite shield {AC+3}
rNeg     + . .     Faith    +   u - +3 crystal plate armour
rPois    .         Spirit   .   (no helmet)
rElec    +         Reflect  .   D - +0 cloak (curse)
rCorr    .         Harm     .   W - +2 pair of gloves
MR       +++..     Clarity  +   S - +2 pair of boots {Fly}
Stlth    ..........             E - amulet of faith
HPRegen  0.00/turn              Q - ring "Dubesomu" {rElec rF+ rC++ Int+6 Slay-2}
MPRegen  0.10/turn              G - ring of Duaniro {rF++ Dex-4} (curse)

@: mildly poisoned (229 -> 229), flying, non-regenerating
A: damage resistance, heal wounds, blurry vision 2, clarity, clumsy 1, deformed
body, deterioration 1, [dopey 2], low mp 2, negative energy resistance 1, sense
surroundings 3, screaming 1, weak 1, no regeneration
0: Orb of Zot
}: 3/15 runes: barnacled, abyssal, gossamer
a: Heal Wounds, Minor Destruction, Lesser Servant of Makhleb, Major Destruction,
Greater Servant of Makhleb, Renounce Religion, Stop Flying


You escaped.
You worshipped Makhleb.
Makhleb was exalted by your worship.
You were not hungry.

You visited 8 branches of the dungeon, and saw 42 of its levels.
You visited the Abyss 1 time.

You collected 8036 gold pieces.
You spent 3767 gold pieces at shops.

Inventory:

Hand Weapons
 a - a +8 broad axe of electrocution (weapon)
   (You acquired it on level 1 of the Shoals)
 b - a +5 demon whip of distortion
   (You took it off a hell knight on level 3 of the Depths)
 i - a +2 hand axe of venom
   (You found it on level 5 of the Dungeon)
Missiles
 w - 3 throwing nets (quivered)
Armour
 f - the +0 helmet of Areeco {-Cast rF+ Str+3 Slay+3}
   (You bought it in a shop on level 2 of the Orcish Mines)

   It affects your strength (+3).
   It affects your accuracy and damage with ranged weapons and melee attacks
   (+3).
   It protects you from fire.
   It prevents spellcasting.
 u - a +3 crystal plate armour (worn)
   (You bought it in a shop on level 2 of the Orcish Mines)
 D - a cursed +0 cloak (worn)
   (You found it on level 3 of the Lair of Beasts)
 O - a +1 kite shield of protection (worn)
   (You took it off an orc warlord on level 5 of the Depths)
 S - a +2 pair of boots of flying (worn)
   (You acquired it on level 5 of the Depths)
 W - a +2 pair of gloves (worn)
   (You bought it in a shop on level 5 of the Depths)
Jewellery
 k - an uncursed ring of resist corrosion
   (You found it on level 6 of the Lair of Beasts)
 m - an uncursed ring of protection from magic
   (You found it on level 5 of the Depths)
 o - the ring "Vuoghuox" {*Drain rElec EV+4 Dex+6 Stlth+}
   (You found it on level 1 of the Spider Nest)

   [ring of evasion]

   It affects your evasion (+4).
   It affects your dexterity (+6).
   It insulates you from electricity.
   It causes draining when unequipped.
   It makes you more stealthy.
 E - an amulet of faith (around neck)
   (You found it on level 11 of the Dungeon)
 G - the cursed ring of Duaniro (right hand) {rF++ Dex-4}
   (You took it off a merfolk aquamancer on level 5 of the Depths)

   [ring of dexterity]

   It affects your dexterity (-4).
   It greatly protects you from fire.
   It has a curse placed upon it.
 Q - the ring "Dubesomu" (left hand) {rElec rF+ rC++ Int+6 Slay-2}
   (You found it on level 1 of the Spider Nest)

   [ring of intelligence]

   It affects your intelligence (+6).
   It affects your accuracy and damage with ranged weapons and melee attacks
   (-2).
   It protects you from fire.
   It greatly protects you from cold.
   It insulates you from electricity.
 X - the ring "Ucikh" {Fire +Inv rPois Int+6 Dex-3}
   (You took it off an orc warrior on level 5 of the Depths)

   [ring of fire]

   It enhances your fire magic.
   It affects your intelligence (+6).
   It affects your dexterity (-3).
   It protects you from fire.
   It makes you vulnerable to cold.
   It protects you from poison.
   It lets you turn invisible.
Wands
 C - a wand of acid (40)
   (You took it off a crimson imp on level 11 of the Dungeon)
 L - a wand of clouds (3)
   (You found it on level 5 of the Depths)
 P - a wand of iceblast (30)
   (You took it off Sonja on level 3 of the Lair of Beasts)
 V - a wand of digging (7)
   (You found it on level 6 of the Dungeon)
 Y - a wand of enslavement (7)
   (You found it on level 4 of the Spider Nest)
 Z - a wand of paralysis (3)
   (You found it on level 5 of the Depths)
Scrolls
 j - a scroll of magic mapping
 p - 4 scrolls of immolation
 r - 8 scrolls of identify
 s - 2 scrolls of fear
 t - 9 scrolls of teleportation
 x - 12 scrolls of remove curse
 y - a scroll of summoning
 z - 3 scrolls of blinking
 I - a scroll of vulnerability
 J - a scroll of holy word
 N - 2 scrolls of fog
Potions
 g - 3 potions of cancellation
 h - 4 potions of haste
 l - 14 potions of heal wounds
 n - a potion of resistance
 q - 9 potions of curing
 A - 6 potions of brilliance
 B - 7 potions of flight
 F - 5 potions of lignification
 H - 5 potions of stabbing
 K - 7 potions of ambrosia
 M - 4 potions of invisibility
 R - a potion of magic
Miscellaneous
 v - a tin of tremorstones (3/3)
   (You found it on level 2 of the Spider Nest)
 T - a lightning rod (4/4)
   (You found it on level 1 of the Spider Nest)
 U - 2 phantom mirrors
Comestibles
 e - 49 rations


   Skills:
 * Level 18.3 Fighting
 - Level 19.5 Axes
 * Level 19.7 Armour
 - Level 9.3 Dodging
 - Level 14.6 Shields
 * Level 23.2 Invocations


You had 22 spell levels left.
You didn't know any spells.
Your spell library was empty.

Dungeon Overview and Level Annotations

Branches:
Dungeon (15/15)            Temple (1/1) D:7            Lair (6/6) D:8
 Shoals (4/4) Lair:2       Spider (4/4) Lair:3          Orc (2/2) D:10
    Elf (0/3) Orc:2        Vaults (0/5) D:14         Depths (5/5) D:15
    Zot (5/5) Depths:5
  Slime: Lair:5-6

Altars:
Ashenzari
Cheibriados
Dithmenos
Elyvilon
Gozag
Kikubaaqudgha
Makhleb
Okawaru
Qazlal
Ru
Sif Muna
Trog
Vehumet
Wu Jian
Xom
Yredelemnul
The Shining One
Jiyva

Shops:
D:10 }   D:11 !   D:14 *   Orc:2 %![*   Shoals:4 (   Depths:1 [   Depths:5 }[

Portals:
Hell: Depths:3 Depths:4 Depths:5
Abyss: Depths:4
Pandemonium: Depths:4
Ziggurat: Depths:4

Annotations:
Lair:3 3 runed translucent doors, SamuraiZach's ghost, journeyman TrBe
Lair:4 exclusion: 2 oklob plants
Lair:6 exclusion: 3 oklob plants


Innate Abilities, Weirdness & Mutations

You are resistant to damage.
You can heal yourself by infusing magical energy.
You resist negative energy. (rN+)
You passively map a large area around you.
You do not regenerate.
Scrolls take you longer to read.
You possess an exceptional clarity of mind.
You are clumsy. (Dex -2)
Armour fits poorly on your strangely shaped body.
Your body sometimes deteriorates upon taking damage.
Your magical capacity is very low. (-20% MP)
You occasionally shout uncontrollably at your foes.
You are weak. (Str -2)
[You are very dopey. (Int -4)]


Message History

You slice the adder!!
You kill the adder!
Makhleb accepts your kill.
No target in view!
No target in view!
No target in view!
No target in view!
No target in view!
No target in view!
No target in view!
No target in view!
No target in view!
No target in view!
(D) Dungeon (T) Temple (L) Lair (A) Shoals (N) Spider Nest (O) Orcish Mines (E) Elven Halls (V) Vaults (U) Depths (H) Hell (Z) Zot
Where to? (Enter - D:1 @ (x,y), ? - help)
There is a staircase leading out of the dungeon here.
Unknown command.
You have escaped!

..............................#
.........###############..###.#
.........#.............#....#.###
.........#.............#..#......
.........#.............#..###.###
........ #######'#######†.....# *
#.............#..##### *
+⌠....###....⌠+..# *
,#......@†.....#..# ,
#..⌠...>...⌠..#..#
#..###'#######'###..# ,
.....................# ##
..........###........# ####.
..#######..##.######## #.... * ,
* ######.##.# #.##. , #.......#.#
#.##. , #.....#'#.# #.##.


There were no monsters in sight!

Vanquished Creatures
  3 orbs of fire
  3 ancient liches (Zot:5)
  Saint Roka (Depths:5)
  2 Killer Klowns
  Margery (Depths:4)
  A caustic shrike (Depths:5)
  2 electric golems
  A lich (Depths:4)
  A Hell Sentinel (Abyss:4)
  7 tentacled monstrosities
  18 Orb Guardians
  2 quicksilver dragons
  A tentacled starspawn (Abyss:4)
  4 death cobs
  3 tengu reavers
  Donald (Spider:4)
  2 storm dragons
  A shadow dragon (Depths:5)
  Ilsuiw (Shoals:3)
  4 ghost moths
  2 draconian scorchers (Depths:5)
  2 balrugs
  7 frost giants
  7 fire giants
  An orc warlord (Depths:5)
  6 emperor scorpions
  5 cacodemons
  2 draconian shifters
  2 draconian knights
  A draconian stormcaller (Zot:5)
  2 spriggan defenders
  A reaper (Abyss:4)
  2 green draconians
  16 stone giants
  3 very ugly things
  An entropy weaver (Spider:2)
  2 vampire knights
  4 black draconians
  A deep elf demonologist (Depths:5)
  4 purple draconians
  2 red draconians
  A lorocyproca (Spider:1)
  A white draconian (Zot:5)
  A green death (D:2)
  Snorg (D:11)
  4 spark wasps
  5 merfolk impalers
  6 ettins
  Erolcha (D:12)
  5 fire dragons
  3 yaktaur captains
  7 merfolk javelineers
  A deep elf high priest (Depths:2)
  6 ogre magi
  4 vault guards (Depths:5)
  5 ice dragons
  2 merfolk avatars
  5 great orbs of eyes
  A hell beast (Depths:5)
  4 spriggan air magi
  2 rakshasas (Abyss:4)
  2 catoblepae (Lair:6)
  A merfolk aquamancer (Depths:5)
  3 centaur warriors
  A death knight (Depths:5)
  17 two-headed ogres
  7 deep troll shamans
  3 death yaks (Lair:6)
  3 tengu warriors
  4 deep troll earth magi
  A vampire mage (D:15)
  3 dancing weapons
  4 hell hogs (Abyss:4)
  Urug (Orc:1)
  4 spriggan berserkers
  9 thrashing horrors (Abyss:4)
  3 wretched stars (Abyss:4)
  2 storm dragon zombies
  4 spriggans (Depths:4)
  4 iron trolls
  4 deep elf knights (Depths:5)
  Sonja (Lair:3)
  2 sixfirhies
  8 hell knights
  2 cherubim (D:15)
  6 skeletal warriors
  6 deep trolls
  2 unseen horrors
  3 flayed ghosts
  5 glowing orange brains (Abyss:4)
  3 wizards
  A spatial maelstrom (Abyss:4)
  An obsidian statue (Zot:5)
  4 sea snakes
  A kraken simulacrum (Shoals:4)
  2 golden dragon skeletons (Depths:4)
  13 harpies
  26 large abominations (Abyss:4)
  8 necromancers
  A phantasmal warrior (Abyss:4)
  5 deep elf magi
  43 wolf spiders
  A wolf spider (shapeshifter) (Depths:1)
  22 orb spiders
  2 shining eyes (Abyss:4)
  6 ugly things
  8 cyclopes
  A fire giant skeleton (Depths:1)
  13 manticores
  4 elephants (Lair:6)
  8 moths of wrath
  A stone giant skeleton (D:15)
  An iron dragon skeleton (Depths:1)
  Maurice (D:8)
  Joseph (D:9)
  A spriggan zombie (D:15)
  3 black mambas
  5 merfolk sirens
  A titan simulacrum (Abyss:4)
  3 centaur zombies
  A water nymph (Shoals:4)
  4 smoke demons
  A frost giant skeleton (Depths:1)
  2 gargoyles
  A torpor snail (Spider:2)
  A hellion (Abyss:4)
  14 spiny frogs
  4 orange demons
  7 yaktaurs
  7 demonic crawlers
  A freezing wraith (Depths:5)
  An efreet (Abyss:4)
  2 hellwings
  2 ancient zymes (Abyss:4)
  5 komodo dragons
  A redback zombie (D:15)
  A golden dragon simulacrum (Depths:4)
  A rime drake (Lair:4)
  2 ice devils (Depths:4)
  A merfolk (shapeshifter) (Depths:5)
  16 merfolk
  3 tengu conjurers
  3 trolls
  38 jumping spiders
  A hornet (shapeshifter) (Depths:4)
  A polar bear (Lair:4)
  11 hornets
  2 wind drakes
  18 blink frogs
  3 raiju (Abyss:4)
  An elf zombie (Depths:4)
  A snapping turtle (shapeshifter) (Depths:5)
  10 hippogriffs
  9 dream sheep
  16 slime creatures
  7 snapping turtles
  A fire dragon zombie (D:15)
  32 tarantellas
  68 redbacks
  A flying skull (Abyss:4)
  4 wraiths
  2 ynoxinuls (Abyss:4)
  3 shadows
  A redback (shapeshifter) (Depths:5)
  A tarantella (shapeshifter) (Depths:1)
  8 water elementals
  9 yaks
  3 wyverns
  An ice dragon skeleton (Abyss:4)
  15 humans (D:14)
  2 basilisks
  2 hungry ghosts
  A fire bat (Abyss:4)
  3 golden eyes (Abyss:4)
  3 chaos spawn
  8 neqoxecs (Abyss:4)
  2 wargs
  A human zombie (D:15)
  A soldier ant (D:12)
  14 water moccasins
  7 porcupines
  22 orc warriors
  4 floating eyes (Depths:5)
  3 ice beasts
  3 phantoms
  A tengu skeleton (Depths:1)
  A fire dragon simulacrum (Depths:1)
  2 sky beasts
  2 black bears
  2 necrophages (D:14)
  5 boggarts (Depths:1)
  An eye of draining (D:13)
  33 ogres
  15 centaurs
  A boggart (shapeshifter) (Depths:1)
  13 crocodiles
  9 wolves
  16 small abominations (Abyss:4)
  Blork the orc (D:5)
  4 big kobolds
  A gnoll sergeant (D:13)
  A bullfrog (shapeshifter) (Abyss:4)
  20 bullfrogs
  A water moccasin zombie (D:11)
  A wyvern zombie (D:6)
  3 scorpions
  A wyvern skeleton (D:12)
  2 troll zombies (D:10)
  12 killer bees (D:11)
  9 wights
  3 electric eels
  5 howler monkeys
  13 crimson imps
  A bullfrog zombie (D:7)
  3 quasits
  20 starcursed masses (Abyss:4)
  5 hounds
  2 jellies
  5 centaur skeletons
  8 orc priests
  2 bullfrog skeletons
  An iron imp (Depths:4)
  Ijyb (D:5)
  4 iguanas
  20 orc wizards
  22 worker ants
  4 ogre zombies (D:10)
  A hound zombie (D:6)
  2 hound skeletons
  A howler monkey zombie (D:9)
  2 worker ant zombies
  6 gnolls
  14 adders
  5 shadow imps
  2 white imps (Depths:4)
  An ufetubus (Abyss:4)
  An ooze (D:1)
  2 adder zombies
  4 worms
  5 dart slugs
  2 leopard geckos
  72 orcs
  8 giant cockroaches
  4 goblins
  4 hobgoblins
  5 jackals
  2 quokkas (D:6)
  5 bats
  A frilled lizard (D:1)
  2 goblin zombies (D:10)
  2 hobgoblin skeletons (D:10)
  A hobgoblin zombie (D:10)
  22 kobolds
  2 orc skeletons (D:10)
  11 orc zombies (D:10)
  A quokka zombie (D:6)
  6 rats
  2 crawling corpses (Depths:2)
  6 fungi
  2 macabre masses (Abyss:4)
  7 plants
  3 starspawn tentacles (Abyss:4)
  A tentacle (Shoals:4)
  2 withered plants (D:15)
1421 creatures vanquished.

Vanquished Creatures (collateral kills)
  2 orbs of fire (Zot:5)
  An ancient lich (Zot:5)
  A golden dragon (Zot:4)
  Arachne (Spider:2)
  A tentacled monstrosity (Depths:5)
  A quicksilver dragon (Zot:4)
  A ghost moth (Spider:4)
  A draconian shifter (Zot:5)
  An orc warlord (Depths:5)
  2 entropy weavers
  A white draconian (Zot:2)
  2 spark wasps
  2 merfolk impalers (Shoals:4)
  A slime creature (Depths:3)
  2 vault guards (D:14)
  3 hydras (Lair:5)
  A catoblepas (Lair:6)
  4 death yaks (Lair:6)
  3 hell knights (Depths:3)
  A skeletal warrior (D:13)
  3 sea snakes
  A deep elf archer (Depths:5)
  2 wizards (D:14)
  A necromancer (D:14)
  2 orb spiders
  3 wolf spiders
  2 manticores
  A deep elf mage (Depths:5)
  2 moths of wrath
  A water nymph (Shoals:4)
  A yaktaur (Depths:3)
  An efreet (D:14)
  3 demonic crawlers
  A tormentor (Abyss:4)
  2 merfolk
  A troll (D:13)
  2 red devils (Abyss:4)
  8 jumping spiders
  2 blink frogs (Lair:6)
  A raiju (Abyss:4)
  2 snapping turtles (Shoals:4)
  A dream sheep (Lair:5)
  A flying skull (Abyss:4)
  14 redbacks
  9 yaks
  4 tarantellas (Spider:2)
  3 humans (D:14)
  A golden eye (Abyss:4)
  A warg (Depths:5)
  A water moccasin (Lair:5)
  An orc warrior (D:14)
  A small abomination (Abyss:4)
  A wolf (Lair:5)
  A bullfrog (D:14)
  A hound (D:11)
  2 orc priests (Depths:5)
  An orc wizard (Depths:5)
  4 orcs
121 creatures vanquished.

Vanquished Creatures (others)
  A wolf spider (Spider:1)
  A smoke demon (Abyss:4)
  A hornet (Spider:4)
  2 jumping spiders (Spider:1)
  A large abomination (Abyss:4)
  A tarantella (Spider:1)
  A ynoxinul (Abyss:4)
  2 small abominations (Abyss:4)
  A kobold (D:12)
  2 fungi (Lair:3)
  31 plants
  2 starspawn tentacles (Abyss:4)
  3 tentacles (Shoals:4)
49 creatures vanquished.

Grand Total: 1591 creatures vanquished

Notes
Turn   | Place    | Note
-------+----------+-------------------------------------------
     0 | D:1      | p0werm0de the Deep Dwarf Fighter began the quest for the
                  | Orb.
     0 | D:1      | Reached XP level 1. HP: 20/20 MP: 1/1
     1 | D:1      | Found a runed translucent door.
    58 | D:1      | Reached XP level 2. HP: 17/27 MP: 2/2
   253 | D:1      | Reached XP level 3. HP: 29/34 MP: 2/2
   605 | D:2      | Reached skill level 1 in Dodging
   764 | D:3      | Reached XP level 4. HP: 28/42 MP: 2/2
  1057 | D:5      | Entered Level 5 of the Dungeon
  1090 | D:5      | Reached XP level 5. HP: 39/49 MP: 3/3
  1217 | D:5      | Noticed Ijyb
  1221 | D:5      | Killed Ijyb
  1227 | D:5      | Reached XP level 6. HP: 40/57 MP: 3/3
  1278 | D:5      | Noticed Blork the orc
  1290 | D:5      | Killed Blork the orc
  1373 | D:5      | Reached skill level 5 in Axes
  1373 | D:5      | Reached XP level 7. HP: 66/66 MP: 4/4
  1985 | D:6      | Reached skill level 5 in Fighting
  2036 | D:6      | Reached skill level 5 in Armour
  2036 | D:6      | Reached skill level 5 in Shields
  2102 | D:6      | Reached XP level 8. HP: 73/74 MP: 5/5
  2912 | D:6      | Found a shattered altar of Ashenzari.
  3162 | D:7      | Gained mutation: You passively map the area around you.
                  | [Deep Dwarf growth]
  3162 | D:7      | Reached XP level 9. HP: 67/82 MP: 5/5
  3205 | D:7      | Found a staircase to the Ecumenical Temple.
  3224 | Temple   | Entered the Ecumenical Temple
  3231 | Temple   | Became a worshipper of Makhleb the Destroyer
  3305 | D:7      | Reached skill level 1 in Invocations
  3391 | D:7      | Found a shimmering altar of Xom.
  3441 | D:7      | Found an ancient bone altar of Kikubaaqudgha.
  3734 | D:8      | Noticed Maurice
  3748 | D:8      | Killed Maurice
  3748 | D:8      | Reached skill level 2 in Invocations
  3893 | D:8      | Reached skill level 5 in Dodging
  3950 | D:8      | Reached skill level 3 in Invocations
  3971 | D:8      | Found a staircase to the Lair.
  4399 | D:9      | Found a burning altar of Makhleb.
  4441 | D:9      | Reached * piety under Makhleb
  4616 | D:9      | Reached skill level 4 in Invocations
  4648 | D:9      | Noticed Joseph
  4667 | D:9      | Killed Joseph
  4748 | D:9      | Reached XP level 10. HP: 68/94 MP: 8/8
  4837 | D:9      | Reached skill level 5 in Invocations
  4905 | D:9      | Reached ** piety under Makhleb
  5304 | D:10     | Entered Level 10 of the Dungeon
  5489 | D:10     | Killed an unseen horror
  5624 | D:10     | Reached skill level 6 in Invocations
  5675 | D:10     | Found Gupnool's Gadget Emporium.
  5892 | D:10     | Found a staircase to the Orcish Mines.
  5908 | D:10     | Noticed a gargoyle
  5934 | D:10     | Killed a gargoyle
  5966 | D:10     | Reached skill level 7 in Invocations
  5999 | D:10     | Reached *** piety under Makhleb
  6154 | Orc:1    | Entered Level 1 of the Orcish Mines
  6160 | Orc:1    | Noticed Urug
  6178 | Orc:1    | Killed Urug
  6284 | Orc:2    | Entered Level 2 of the Orcish Mines
  6311 | Orc:2    | Reached XP level 11. HP: 104/104 MP: 6/6
  6392 | Orc:2    | Found a staircase to the Elven Halls.
  6432 | Orc:2    | Noticed a two-headed ogre
  6433 | Orc:2    | Noticed a two-headed ogre
  6433 | Orc:2    | Noticed a two-headed ogre
  6433 | Orc:2    | Noticed a two-headed ogre
  6433 | Orc:2    | Noticed an ogre mage
  6438 | Orc:2    | Noticed an ogre mage
  6438 | Orc:2    | Killed a two-headed ogre
  6438 | Orc:2    | Killed a two-headed ogre
  6439 | Orc:2    | Noticed a two-headed ogre
  6439 | Orc:2    | Noticed a two-headed ogre
  6440 | Orc:2    | Killed a two-headed ogre
  6440 | Orc:2    | Reached skill level 10 in Axes
  6440 | Orc:2    | Reached skill level 8 in Invocations
  6444 | Orc:2    | Killed a two-headed ogre
  6445 | Orc:2    | Noticed a two-headed ogre
  6446 | Orc:2    | Killed an ogre mage
  6446 | Orc:2    | Killed a two-headed ogre
  6449 | Orc:2    | Noticed an ogre mage
  6451 | Orc:2    | Killed an ogre mage
  6451 | Orc:2    | Reached skill level 9 in Invocations
  6452 | Orc:2    | Killed a two-headed ogre
  6455 | Orc:2    | Reached **** piety under Makhleb
  6458 | Orc:2    | Noticed a two-headed ogre
  6459 | Orc:2    | Noticed a two-headed ogre
  6462 | Orc:2    | Killed a two-headed ogre
  6466 | Orc:2    | Noticed a two-headed ogre
  6471 | Orc:2    | Noticed an ogre mage
  6474 | Orc:2    | Killed a two-headed ogre
  6474 | Orc:2    | Noticed a two-headed ogre
  6475 | Orc:2    | Killed a two-headed ogre
  6483 | Orc:2    | Killed a two-headed ogre
  6483 | Orc:2    | Reached XP level 12. HP: 115/115 MP: 7/9
  6492 | Orc:2    | Killed a two-headed ogre
  6494 | Orc:2    | Reached skill level 10 in Invocations
  6494 | Orc:2    | Killed an ogre mage
  6502 | Orc:2    | Killed an ogre mage
  6503 | Orc:2    | Found Kuluhoja's Distillery.
  6503 | Orc:2    | Found Febumut's Food Shoppe.
  6504 | Orc:2    | Found Usaig's Assorted Antiques.
  6504 | Orc:2    | Found Sass's Armour Boutique.
  6512 | Orc:2    | Bought the +0 helmet of Areeco {-Cast rF+ Str+3 Slay+3} for
                  | 334 gold pieces
  6513 | Orc:2    | Bought a murky white potion for 23 gold pieces
  6513 | Orc:2    | Bought a bubbling golden potion for 23 gold pieces
  6513 | Orc:2    | Bought a ruby potion for 23 gold pieces
  6513 | Orc:2    | Bought a blue potion for 23 gold pieces
  6514 | Orc:2    | Bought a potion of haste for 140 gold pieces
  6514 | Orc:2    | Bought a potion of curing for 42 gold pieces
  7204 | Orc:2    | Noticed a two-headed ogre
  7213 | Orc:2    | Killed a two-headed ogre
  7292 | D:11     | Found Coptar's Distillery.
  7307 | D:11     | Bought a potion of might for 48 gold pieces
  7307 | D:11     | Bought 2 potions of haste for 240 gold pieces
  7307 | D:11     | Bought a potion of heal wounds for 60 gold pieces
  7307 | D:11     | Bought a potion of haste for 120 gold pieces
  7327 | D:11     | Reached ***** piety under Makhleb
  7433 | D:11     | Reached skill level 10 in Fighting
  7526 | D:11     | Noticed Snorg
  7552 | D:11     | Killed Snorg
  7844 | D:11     | Reached skill level 11 in Invocations
  8396 | D:12     | Noticed Erolcha
  8411 | D:12     | Killed Erolcha
  8543 | D:12     | Found a sacrificial altar of Ru.
  8649 | D:12     | Reached XP level 13. HP: 114/124 MP: 11/11
  9445 | D:13     | Reached skill level 12 in Invocations
  9755 | D:14     | Found Moawk's Assorted Antiques.
  9880 | D:14     | Reached ****** piety under Makhleb
  9954 | D:14     | Found a gate to the Vaults.
 10071 | D:14     | Found a frozen archway.
 10187 | D:14     | Identified a scroll of acquirement
 10369 | Orc:2    | Bought a crystal plate armour for 2080 gold pieces
 10385 | Orc:2    | Bought a potion of curing for 42 gold pieces
 10385 | Orc:2    | Bought a potion of mutation for 112 gold pieces
 10385 | Orc:2    | Bought a potion of flight for 42 gold pieces
 10385 | Orc:2    | Bought a potion of lignification for 42 gold pieces
 10385 | Orc:2    | Bought a potion of brilliance for 56 gold pieces
 10385 | Orc:2    | Bought a potion of stabbing for 56 gold pieces
 10385 | Orc:2    | Bought a potion of degeneration for 14 gold pieces
 10533 | Lair:1   | Entered Level 1 of the Lair of Beasts
 11140 | Lair:2   | Found a staircase to the Shoals.
 11279 | Lair:2   | Reached skill level 13 in Invocations
 11751 | Lair:3   | Found a runed translucent gate.
 11752 | Lair:3   | Found a runed translucent gate.
 11753 | Lair:3   | Found a runed translucent gate.
 11753 | Lair:3   | Noticed SamuraiZach's ghost (journeyman TrBe)
 11762 | Lair:3   | Found a viscous altar of Jiyva.
 11770 | Lair:3   | Found a hole to the Spider Nest.
 11809 | Spider:1 | Entered Level 1 of the Spider Nest
 11812 | Spider:1 | Found a transporter.
 11836 | Lair:3   | Identified a +1 pair of boots of running (You acquired it
                  | on level 3 of the Lair of Beasts)
 11877 | Lair:3   | Gained mutation: You resist negative energy. (rN+) [Deep
                  | Dwarf growth]
 11877 | Lair:3   | Reached XP level 14. HP: 135/135 MP: 13/13
 12007 | Lair:3   | Noticed Sonja
 12117 | Lair:3   | Reached skill level 10 in Armour
 12195 | Lair:3   | Reached skill level 10 in Shields
 12202 | Lair:3   | Killed Sonja
 12940 | Lair:5   | Gained mutation: You occasionally shout uncontrollably at
                  | your foes. [potion of mutation]
 12940 | Lair:5   | Gained mutation: You possess an exceptional clarity of
                  | mind. [potion of mutation]
 13183 | Lair:6   | Entered Level 6 of the Lair of Beasts
 13397 | Lair:6   | Reached skill level 14 in Invocations
 14083 | Spider:1 | Killed a ghost moth
 14091 | Spider:1 | Found a transporter.
 14122 | Spider:1 | Got a warped bronze ring
 14138 | Spider:1 | Got a wavering silver ring
 14151 | Spider:1 | Identified the ring "Vuoghuox" {*Drain rElec EV+4 Dex+6
                  | Stlth+} (You found it on level 1 of the Spider Nest)
 14152 | Spider:1 | Identified the ring "Dubesomu" {rElec rF+ rC++ Int+6
                  | Slay-2} (You found it on level 1 of the Spider Nest)
 14247 | Spider:1 | Reached XP level 15. HP: 133/146 MP: 14/14
 14788 | Spider:1 | Reached skill level 15 in Invocations
 15056 | Spider:2 | Noticed Arachne
 15085 | Spider:2 | Killed Arachne
 15318 | Spider:2 | Reached XP level 16. HP: 151/156 MP: 14/14
 15319 | Spider:2 | Reached skill level 15 in Axes
 15319 | Spider:2 | Reached skill level 16 in Invocations
 15319 | Spider:2 | Reached XP level 17. HP: 158/164 MP: 14/16
 15516 | Spider:3 | Got a faintly glowing granite ring
 15517 | Spider:3 | Identified the ring "Nuteph" {+Fly rF+ rC- rN+++} (You
                  | found it on level 3 of the Spider Nest)
 16456 | Spider:4 | Entered Level 4 of the Spider Nest
 16530 | Spider:4 | Gained mutation: You passively map a large area around you.
                  | [Deep Dwarf growth]
 16530 | Spider:4 | Reached XP level 18. HP: 172/172 MP: 17/17
 16839 | Spider:4 | Reached skill level 17 in Invocations
 16886 | Spider:4 | Got a gossamer rune of Zot
 17247 | Spider:4 | Noticed Donald
 17272 | Spider:4 | Killed Donald
 17476 | Shoals:1 | Entered Level 1 of the Shoals
 17750 | Shoals:3 | Noticed Ilsuiw
 17814 | Shoals:3 | Killed Ilsuiw
 18020 | Shoals:4 | Entered Level 4 of the Shoals
 18137 | Shoals:4 | Found Dule's Weapon Shop.
 18571 | Shoals:4 | Got a barnacled rune of Zot
 18935 | Shoals:1 | Reached XP level 19. HP: 145/183 MP: 16/16
 19185 | D:15     | Entered Level 15 of the Dungeon
 19263 | D:15     | Reached skill level 18 in Invocations
 19485 | D:15     | Found a staircase to the Depths.
 19525 | Depths:1 | Entered Level 1 of the Depths
 19525 | Depths:1 | Found Wosonw Fisuo's Armour Boutique.
 19653 | Depths:1 | Reached skill level 15 in Armour
 19934 | Depths:2 | Reached skill level 15 in Fighting
 20234 | Depths:3 | Reached skill level 19 in Invocations
 20443 | Depths:3 | Reached XP level 20. HP: 195/195 MP: 15/15
 20460 | Depths:3 | Cast into level 4 of the Abyss (unwielding a weapon of
                  | distortion)
 20498 | Abyss:4  | Gained mutation: Your body sometimes deteriorates upon
                  | taking damage. [mutagenic glow]
 20511 | Abyss:4  | Found a shattered altar of Ashenzari.
 20530 | Abyss:4  | Gained mutation: Scrolls take you a little longer to read.
                  | [mutagenic glow]
 20619 | Abyss:4  | Got the ring of the Zebra {rF+ rC- Int+3 SInv Stlth+}
 20620 | Abyss:4  | Found a corrupted altar of Lugonu.
 20671 | Abyss:4  | Gained mutation: You are weak. (Str -2) [a cacodemon]
 20716 | Abyss:4  | Gained mutation: You are clumsy. (Dex -2) [mutagenic glow]
 21072 | Abyss:4  | Gained mutation: Armour fits poorly on your strangely
                  | shaped body. [a cacodemon]
 21078 | Abyss:4  | Gained mutation: You are very weak. (Str -4) [a cacodemon]
 21094 | Abyss:4  | Gained mutation: You are very clumsy. (Dex -4) [a
                  | cacodemon]
 21168 | Abyss:4  | Gained mutation: You are frail. (-10% HP) [a shining eye]
 21220 | Abyss:4  | Got an abyssal rune of Zot
 21242 | Depths:3 | Escaped the Abyss
 21262 | Depths:3 | Lost mutation: You are very weak. (Str -4) [potion of
                  | mutation]
 21262 | Depths:3 | Lost mutation: Your body sometimes deteriorates upon taking
                  | damage. [potion of mutation]
 21262 | Depths:3 | Lost mutation: You are very clumsy. (Dex -4) [potion of
                  | mutation]
 21262 | Depths:3 | Gained mutation: You have a pair of small horns on your
                  | head. [potion of mutation]
 21263 | Depths:3 | Lost mutation: Armour fits poorly on your strangely shaped
                  | body. [potion of mutation]
 21263 | Depths:3 | Lost mutation: You are extremely frail. (-30% HP) [potion
                  | of mutation]
 21263 | Depths:3 | Lost mutation: You have a pair of small horns on your head.
                  | [potion of mutation]
 21263 | Depths:3 | Lost mutation: You are weak. (Str -2) [potion of mutation]
 21306 | Depths:4 | Found a gateway to a ziggurat.
 21391 | Depths:4 | Reached skill level 20 in Invocations
 21438 | Depths:4 | Paralysed by a hornet for 2 turns
 21745 | Depths:4 | Found a one-way gate leading to the halls of Pandemonium.
 21747 | Depths:4 | Found a gateway to Hell.
 21788 | Depths:4 | Found a one-way gate to the infinite horrors of the Abyss.
 21851 | Depths:4 | Noticed Margery
 21873 | Depths:4 | Killed Margery
 22052 | Depths:5 | Entered Level 5 of the Depths
 22068 | Depths:5 | Reached XP level 21. HP: 191/205 MP: 15/15
 22349 | Depths:5 | Paralysed by a floating eye for 2 turns
 22499 | Depths:5 | Identified the cursed ring of Duaniro {rF++ Dex-4}
 22542 | Depths:5 | Found Ebbityj's Antique Armour Emporium.
 22554 | Depths:5 | Bought a pair of embroidered gloves for 247 gold pieces
 22591 | Depths:5 | Paralysed by a floating eye for 4 turns
 22601 | Depths:5 | Paralysed by a floating eye for 2 turns
 22654 | Depths:5 | Noticed a caustic shrike
 22666 | Depths:5 | Killed a caustic shrike
 22796 | Depths:5 | Noticed Saint Roka
 22798 | Depths:5 | Identified the ring "Ucikh" {Fire +Inv rPois Int+6 Dex-3}
 22825 | Depths:5 | Killed Saint Roka
 22965 | Depths:5 | Found Saohouguaf's Gadget Emporium.
 22970 | Depths:5 | Reached skill level 21 in Invocations
 23045 | Depths:5 | Found a gate to the Realm of Zot.
 23079 | Zot:1    | Entered Level 1 of the Realm of Zot
 23196 | Zot:2    | Noticed an orb of fire
 23221 | Zot:2    | Killed an orb of fire
 23333 | Zot:3    | Reached XP level 22. HP: 217/217 MP: 15/15
 23546 | Zot:4    | Noticed a Killer Klown
 23546 | Zot:4    | Noticed a golden dragon
 23562 | Zot:4    | Killed a golden dragon
 23640 | Zot:4    | Killed a Killer Klown
 23655 | Zot:5    | Entered Level 5 of the Realm of Zot
 23655 | Zot:5    | Noticed an orb of fire
 23677 | Zot:5    | Gained mutation: You are weak. (Str -2) [an orb of fire]
 23702 | Zot:5    | Killed an orb of fire
 23969 | Zot:5    | Noticed an ancient lich
 23970 | Zot:5    | Noticed an ancient lich
 23992 | Zot:5    | Killed an ancient lich
 23992 | Zot:5    | Reached skill level 22 in Invocations
 24019 | Zot:5    | Killed an ancient lich
 24052 | Zot:5    | Noticed an orb of fire
 24052 | Zot:5    | Noticed an orb of fire
 24053 | Zot:5    | Noticed an ancient lich
 24055 | Zot:5    | Noticed an ancient lich
 24057 | Zot:5    | Gained mutation: Your magical capacity is low. (-10% MP)
                  | [an orb of fire]
 24057 | Zot:5    | Gained mutation: Armour fits poorly on your strangely
                  | shaped body. [an orb of fire]
 24061 | Zot:5    | Gained mutation: Your magical capacity is very low. (-20%
                  | MP) [an orb of fire]
 24061 | Zot:5    | Noticed a Killer Klown
 24061 | Zot:5    | Gained mutation: Your body sometimes deteriorates upon
                  | taking damage. [an orb of fire]
 24063 | Zot:5    | Noticed an orb of fire
 24068 | Zot:5    | Killed an orb of fire
 24074 | Zot:5    | Killed an orb of fire
 24083 | Zot:5    | Killed a Killer Klown
 24088 | Zot:5    | Killed an ancient lich
 24095 | Zot:5    | Killed an orb of fire
 24098 | Zot:5    | Killed an ancient lich
 24157 | Zot:5    | Reached XP level 23. HP: 219/228 MP: 8/8
 24192 | Zot:5    | Reached skill level 23 in Invocations
 24198 | Zot:5    | Got the Orb of Zot
 24208 | Zot:5    | Noticed an orb of fire
 24310 | Zot:2    | Noticed Meutagae the pandemonium lord
 24377 | Depths:5 | Identified the ring of Ydwehir {rPois Str+4 Int+3 SInv}
 24404 | Depths:5 | Gained mutation: Scrolls take you longer to read. [a
                  | cacodemon]
 24790 | D:$      | Escaped with the Orb!

Illustrated notes

Levels and vault maps discovered:
D:1:      dpeg_arrival_caged_fury, layout_basic,
          hangedman_abyss_or_decor_lesser_grid, grunt_decor_cap,
          serial_bayou_lagoon_b
D:2:      layout_rooms, chequers_ecumenical_altar_island
D:3:      wad_lake_hut, layout_basic, first_ration, uniq_sigmund
D:4:      layout_loops_ring, overflow_temple_1_default,
          grunt_temple_overflow_open
D:5:      layout_loops_ring, uniq_blork_the_orc, uniq_ijyb
D:6:      minmay_polygon_palace, layout_basic, nicolae_ashenzari_panopticon,
          st_stairs_4, kennysheep_boxes
D:7:      layout_rooms, kennysheep_mini_moat, minmay_temple_entry_glass,
          basic_altar
D:8:      layout_loops_corners, dpeg_oklobed_lair, uniq_maurice
D:9:      layout_stronghold, grunt_pizzeria, chequers_avenue, bloody_makhleb,
          uniq_joseph
D:10:     layout_basic, zombieorc1_lemuel, serial_shops, shop, nooodl_food_tri
D:11:     layout_roguey, serial_shops, shop_fountains, grunt_decor_mini_mirrors,
          kennysheep_kite_vault, uniq_snorg
D:12:     layout_loops_cross, minmay_stone_trees_small,
          nicolae_ru_path_of_blood, uniq_erolcha
D:13:     layout_loops_cross
D:14:     layout_irregular_city, grunt_vaults_entry_tiered,
          lemuel_mausoleum_altar_yredelemnul, portal_ice_cave_entry_pillars_2,
          serial_shops, shop_fountains, hangedman_abyss_or_decor_clamps,
          minmay_pinched_square, uniq_roxanne
D:15:     gammafunk_depths_entry_grave, layout_irregular_city,
          nrook_mini_vaults, pf_eden
Temple:   minmay_freezing_vapour_temple
Lair:1:   layout_regular_city
Lair:2:   layout_loops_ring, minmay_shoals_entry_beasts
Lair:3:   layout_regular_city, nicolae_spider_entry_non_spiders,
          gammafunk_ghost_ooze, beast_lair_carwin_2, grunt_megastairs_3,
          uniq_sonja
Lair:4:   layout_gridlike, hibernation_bobbens, minmay_lair_oklob_chamber
Lair:5:   layout_long_grid, ebering_ghost_funeral_grove, grunt_megastairs_1,
          serial_bayou_shore_b
Lair:6:   evilmike_catoblepas_cave, layout_gridlike,
          minmay_slime_entry_oklob_enclosed, chequers_serial_rivers_micro_b,
          grunt_megastairs_2
Shoals:1: layout_shoals, lemuel_centaur_altar
Shoals:2: layout_shoals, st_shoals_ruin
Shoals:3: cheibrodos_shoals_epimethial_gifts, layout_shoals,
          nicolae_shoals_cliffside_cave, nicolae_shoals_circle_sea_wall,
          uniq_ilsuiw
Shoals:4: shoals_end_grunt_ice, layout_shoals, serial_shops, shop
Spider:1: gammafunk_its_a_trap
Spider:2: layout_spider_delve, uniq_arachne
Spider:3: layout_spider_delve, nicolae_spider_shape
Spider:4: grunt_spider_rune_parallel, uniq_donald
Orc:1:    layout_diamond_mine, uniq_urug
Orc:2:    st_orc_ogre_mass, layout_caves
Depths:1: layout_cave_shapes, serial_shops,
          nicolae_shop_temple_entry_statues_fountains,
          roderic_lattice_octagonal_star, hell_entry, tgw_lugonu_bribe,
          uniq_mara
Depths:2: minmay_the_grid_3x3 [minmay_the_grid_eight,
          minmay_the_grid_minigrid_medium, minmay_the_grid_empty,
          minmay_the_grid_embedded, minmay_the_grid_armoury,
          minmay_the_grid_aliased_spiral, minmay_the_grid_artifice,
          minmay_the_grid_gridbox, minmay_the_grid_prize_big_room],
          layout_gridville, hell_entry
Depths:3: cell_vault, layout_gridlike, special_room [special_room_jelly],
          small_statue_intersection, hell_entry, grunt_pan_entry_spiral,
          serial_bayou_shore_a
Depths:4: minmay_broken_ring, layout_gridlike, enter_ziggurat_b,
          grunt_pan_entry_in_and_out, abyss_entry, hell_entry,
          minmay_staircase_windowed_large, uniq_frederick, uniq_margery
Depths:5: hangedman_spin_cycle, hell_entry
Zot:1:    gammafunk_mikee_crab_dinner, layout_onion
Zot:2:    layout_cellular_growth, st_single_dragon_hoard_4
Zot:3:    layout_gridlike
Zot:4:    kennysheep_blocky_hall, layout_misc_corridors
Zot:5:    layout_concentric_octagons

Skill      XL: |  1  2  3  4  5  6  7  8  9 10 11 12 13 14 15 16 17 18 19 20 21 22 23 |
---------------+----------------------------------------------------------------------+-----
Fighting       | 3 4 5 6 7 8 9 10 11 12 13 14 15 16 17 18 | 18.3
Axes           | 3 4 5 7 8 9 10 11 13 14 15 16 17 18 19 | 19.5
Dodging        | 1 2 3 4 5 6 7 8 9 |  9.3
Armour         | 4 5 6 7 8 9 11 12 13 14 15 17 18 19 | 19.7
Shields        | 4 5 6 7 8 9 10 11 12 13 14 | 14.6
Invocations    | 4 7 9 11 13 14 15 16 17 19 20 21 22 23 | 23.2

Action                   |  1- 3 |  4- 6 |  7- 9 | 10-12 | 13-15 | 16-18 | 19-21 | 22-24 || total
-------------------------+-------+-------+-------+-------+-------+-------+-------+-------++-------
Melee: War axe           |   120 |   115 |    19 |       |       |       |       |       ||   254
       Hand axe          |       |       |   479 |   821 |  1519 |   561 |       |       ||  3380
       Broad axe         |       |       |       |       |       |   385 |  1510 |   438 ||  2333
Invok: Lesser Servant of |       |       |       |     2 |    11 |     1 |       |       ||    14
       Greater Servant o |       |       |       |       |     7 |     8 |    11 |     8 ||    34
 Abil: Heal Wounds       |     2 |    10 |    10 |    14 |    19 |     8 |    27 |    12 ||   102
Evoke: Wand              |       |       |       |     2 |       |     1 |     2 |     3 ||     8
  Use: Scroll            |       |     3 |     4 |    12 |    15 |     7 |     9 |     1 ||    51
       Potion            |       |       |       |     1 |     3 |     4 |     5 |     7 ||    20
 Stab: Confused          |       |       |       |     3 |     2 |       |       |     2 ||     7
       Distracted        |       |       |       |       |    19 |     4 |     3 |     2 ||    28
       Petrified         |       |       |       |       |    10 |       |       |       ||    10
       Invisible         |       |       |       |       |       |   108 |       |       ||   108
       Held in net/web   |       |       |       |       |       |     1 |       |       ||     1
  Eat: Chunk             |       |     2 |    12 |    19 |    19 |       |     5 |       ||    57
       Ration            |       |       |       |       |     2 |     3 |     3 |     2 ||    10
Armor: Scale mail        |    58 |    58 |    36 |       |       |       |       |       ||   152
       Plate armour      |       |       |   170 |   219 |   215 |   301 |       |       ||   905
       Crystal plate arm |       |       |       |       |   519 |   195 |   781 |   341 ||  1836
Dodge: Dodged            |    37 |    42 |   122 |   152 |   529 |   735 |   592 |   110 ||  2319
Block: Kite shield       |    54 |    66 |   238 |   498 |   866 |   756 |   937 |   278 ||  3693
       Reflection        |       |       |     3 |    21 |       |    23 |    30 |       ||    77
